 Dungeon Sprint DCSS version 0.30-a0-272-gf98c3da03f (webtiles) character file.

Game seed: 8514343058608378038

263 Low2 the Cruncher (level 6, -1/68 HPs)
             Began as an Ogre Gladiator on Oct 15, 2022.
             Splashed by a jelly's acid (8 damage)
             ... in the Dungeon (Sprint I: "Red Sonja").
             The game lasted 00:01:17 (287 turns).

Low2 the Cruncher (Ogre Gladiator)                   Turns: 287, Time: 00:01:17

Health: -1/68      AC: -13   Str: 21    XL:     6   Next: 19%
Magic:  6/6        EV: 11    Int:  9    God:
Gold:   162        SH:  0    Dex: 10    Spells: 5/5 levels left

rFire   . . .      SeeInvis .    a - +0 quarterstaff
rCold   . . .      Faith    .    (shield currently unavailable)
rNeg    . . .      Spirit   .    b - +0 robe
rPois   .          Reflect  .    c - +0 hat
rElec   .          Harm     .    (no cloak)
rCorr   .          Rampage  .    (gloves unavailable)
Will    .....      NoTele   +    (boots unavailable)
Stlth   +.........               (no amulet)
HPRegen 0.31/turn                (no ring)
MPRegen 0.10/turn                (no ring)

@: corroded
A: large, unfitting armour, tough skin 1
a: no special abilities


You were in the Dungeon.
You visited 1 branch You collected 162 gold pieces.

Inventory:

Hand Weapons
 a - a +0 quarterstaff (weapon)
Armour
 b - a +0 robe (worn)
 c - a +0 hat (worn)
Wands
 f - a wand of flame (11)
Potions
 h - a potion of haste
 i - 2 potions of magic
 j - a potion of berserk rage


   Skills:
 + Level 6.3 Fighting
 + Level 8.5 Staves
 + Level 4.8 Throwing
 + Level 7.1 Dodging


You had 5 spell levels left.
You didn't know any spells.
Your spell library was empty.

Dungeon Overview and Level Annotations

Branches:
Dungeon (1/1)

Altars:
Sif Muna
Vehumet
Wu Jian


Innate Abilities, Weirdness & Mutations

You are too large for most types of armour.
You have tough skin. (AC +1)


Message History

The jelly is moderately wounded.
The jelly hits you.
You are splashed with acid!
You barely miss the jelly.
The jelly is moderately wounded.
The jelly hits you.
You are splashed with acid!
You hit the jelly but do no damage. The acid corrodes you!
Your hands burn!
The jelly is moderately wounded.
You hit the jelly but do no damage. The acid corrodes you!
Your hands burn!
The jelly is moderately wounded.
The jelly hits you. The acid corrodes you!
You are splashed with acid!
You feel much better. The jelly closely misses you.
You hit the jelly but do no damage.
Your hands burn!
The jelly is moderately wounded.
The jelly hits you.
You are splashed with acid!
You thump the jelly!
Your hands burn!
The jelly is almost dead.
The jelly hits you.
You are splashed with acid!
You feel much better. The jelly hits you. The acid corrodes you!
You are splashed with acid!
You hit the jelly.
Your hands burn!
* * * LOW HITPOINT WARNING * * *
The jelly is almost dead.
The jelly hits you.
* * * LOW HITPOINT WARNING * * *
You are splashed with acid.
* * * LOW HITPOINT WARNING * * *
Blink to where?
Press: ? - help, Dir - move target, p - jelly
As you read the scroll of blinking, it crumbles to dust.
e - a large rock Throw: large rock
Press: ? - help, Q - select action, (/) - cycle Shift-Dir - straight line, f - jelly
Aim: a jelly (almost dead, 90% to hit)
You throw a large rock.
The large rock hits the jelly but does no damage.
The jelly is almost dead.
The jelly barely misses you. The jelly hits you.
* * * LOW HITPOINT WARNING * * *
You are splashed with acid!
You die...

################
#<.#.)').#.)'..#
#..'..#..'..#..+
#..#####'#####'#
#..# #..# #?#
#..# #### #[#
#..# #+#_.+ #⌠⌠#
+.J._# ####
#_@#+# ##+#


You could see a jelly.

Vanquished Creatures
  Sigmund (D)
  An ogre (D)
  Ijyb (D)
3 creatures vanquished.

Notes
Turn   | Place    | Note
-------+----------+-------------------------------------------
     0 | D        | Low2 the Ogre Gladiator began the quest for the Orb.
     0 | D        | Reached XP level 1. HP: 22/22 MP: 1/1
     2 | D        | Noticed Ijyb
    17 | D        | Killed Ijyb
    18 | D        | Reached skill level 4 in Staves
    18 | D        | Reached XP level 2. HP: 7/31 MP: 2/2
    18 | D        | Reached XP level 3. HP: 9/37 MP: 3/3
   128 | D        | Noticed an ogre
   139 | D        | Killed an ogre
   140 | D        | Reached skill level 5 in Fighting
   140 | D        | Reached skill level 6 in Staves
   140 | D        | Reached skill level 5 in Dodging
   140 | D        | Reached XP level 4. HP: 49/50 MP: 4/4
   254 | D        | Noticed Sigmund
   255 | D        | Killed Sigmund
   256 | D        | Reached skill level 8 in Staves
   256 | D        | Reached XP level 5. HP: 61/61 MP: 5/5
   256 | D        | Reached XP level 6. HP: 68/68 MP: 6/6
   272 | D        | Found an ornate altar of the Wu Jian Council.
   272 | D        | Found a shimmering blue altar of Sif Muna.
   275 | D        | Found a radiant altar of Vehumet.
   287 | D        | Splashed by a jelly's acid

Illustrated notes

Levels and vault maps discovered:
D:        dungeon_sprint_1 [red_sonja_temple_1, red_sonja_temple_small_1]

Skill      XL: |  1  2  3  4 |
---------------+-------------+-----
Fighting       | 3 5 6 |  6.3
Staves         | 4 6 8 |  8.5
Dodging        | 4 5 7 |  7.1
Throwing       | 3 4 |  4.8

Action                   |  1- 3 |  4- 6 || total
-------------------------+-------+-------++-------
Melee: Quarterstaff      |    18 |     7 ||    25
Throw: Throwing net      |     3 |       ||     3
       Large rock        |       |     3 ||     3
  Use: Potion            |     1 |     2 ||     3
       Scroll            |       |     1 ||     1
Dodge: Dodged            |     1 |     2 ||     3

Table legend: (Time is in decaauts)
 A = Elapsed time spent in this place.
 B = Non-inter-level travel time spent in this place.
 C = Inter-level travel time spent in this place.
 D = Time resting spent in this place.
 E = Time spent auto-exploring this place.
 F = Levels seen in this place.
 G = Mean time per level.
                   A        B        C        D        E       F      G
               +--------+--------+--------+--------+--------+-----+--------+
         Total |    289 |    289 |      0 |    208 |      0 |   1 |  289.0 |
       Dungeon |    289 |    289 |      0 |    208 |      0 |   1 |  289.0 |
               +--------+--------+--------+--------+--------+-----+--------+

Top non-repeatable levels by time:
       D: 289 daAuts
